 Dungeon Crawl Stone Soup version 0.25-a0-156-g0c4bda3fdf (webtiles) character file.

Game seed: 167130646964272411, levelgen mode: deterministic

1898 Leeroy the Skirmisher (level 8, -5/70 HPs)
             Began as a Purple Draconian Skald on Nov 20, 2019.
             Slain by a two-headed ogre
             ... wielding a +0 giant club
              (14 damage)
             ... on level 7 of the Dungeon.
             The game lasted 00:22:31 (8704 turns).

Leeroy the Skirmisher (Purple Draconian Skald)      Turns: 8704, Time: 00:22:32

Health: -5/70      AC:  7    Str: 14    XL:     8   Next: 93%
Magic:  1/11       EV: 12    Int: 14    God:
Gold:   280        SH:  0    Dex: 12    Spells: 1/11 levels left

rFire    . . .     SeeInvis .   a - +0 falchion
rCold    . . .     Gourm    .   (no shield)
rNeg     . . .     Faith    .   (armour unavailable)
rPois    .         Spirit   .   (helmet restricted)
rElec    .         Reflect  .   (no cloak)
rCorr    .         Harm     .   g - +0 pair of gloves
MR       +....                  (no boots)
Stlth    +++.......             (no amulet)
HPRegen  0.21/turn              (no ring)
MPRegen  0.12/turn              (no ring)

@: no status effects
A: breathe power, unfitting armour, stinger 1, cold-blooded, MP-powered wands,
AC +6
a: Breathe Dispelling Energy


You were on level 7 of the Dungeon.
You were near starving.

You visited 2 branches of the dungeon, and saw 8 of its levels.
You also visited: Sewer.

You collected 280 gold pieces.

Inventory:

Hand Weapons
 a - a +0 falchion (weapon)
 h - a +0 dagger
 l - a +0 dagger of speed
 y - a +4 mace
Missiles
 i - 122 stones (quivered)
 q - 2 throwing nets
 s - 13 poisoned darts
 v - 6 boomerangs
 z - 46 arrows
Armour
 g - a +0 pair of gloves (worn)
Jewellery
 n - a cursed -3 ring of dexterity {unknown}
 w - an uncursed ring of magical power {unknown}
Scrolls
 b - a scroll of enchant armour {unknown}
 d - 4 scrolls of identify
 e - a scroll of blinking {unknown}
 f - a scroll of enchant weapon {unknown}
 j - 2 scrolls of fear
 k - 3 scrolls of remove curse {unknown}
 o - 7 scrolls of teleportation {unknown}
 t - 3 scrolls of amnesia {unknown}
 x - a scroll of fog {unknown}
 B - a scroll of summoning {unknown}
 C - a scroll of brand weapon {unknown}
Potions
 m - a potion of flight
 p - a potion of brilliance {unknown}
 r - 2 potions of curing {unknown}
 u - a potion of lignification {unknown}
 A - a potion of berserk rage
Comestibles
 c - 3 rations


   Skills:
 - Level 6.1 Fighting
 - Level 4.2 Long Blades
 - Level 2.1 Dodging
 - Level 5.5 Stealth
 + Level 2.4 Spellcasting
 - Level 5.7 Hexes
 - Level 3.2 Charms
 - Level 5.2 Necromancy


You had one spell level left.
You knew the following spells:

 Your Spells              Type           Power        Failure   Level  Hunger
a - Infusion              Chrm           ##..         6%          1    #......
b - Spectral Weapon       Hex/Chrm       ##......     11%         3    ###....
c - Regeneration          Chrm/Necr      ##........   12%         3    ###....
d - Vampiric Draining     Necr           ###.......   8%          3    ###....

Your spell library contained the following spells:

 Spells                   Type           Power        Failure   Level  Hunger
 Animate Skeleton         Necr           N/A          2%          1    #......
 Pain                     Necr           ###.         2%          1    #......
 Magic Dart               Conj           #...         22%         1    #......
 Slow                     Hex            ###.....     3%          2    ###....
 Song of Slaying          Chrm           ##......     9%          2    ###....
 Shroud of Golubria       Chrm/Tloc      #.....       17%         2    ###....
 Animate Dead             Necr           N/A          26%         4    #####..
 Blink                    Tloc           N/A          34%         2    ###....
 Call Imp                 Summ           #.......     34%         2    ###....
 Conjure Flame            Conj/Fire      #.......     56%         3    ###....
 Mephitic Cloud           Conj/Pois/Air  #.......     56%         3    ###....


Dungeon Overview and Level Annotations

Branches:
Dungeon (7/15)             Temple (1/1) D:6           Sewer (visited)

Altars:
Ashenzari
Cheibriados
Elyvilon
Fedhas
Hepliaklqana
Kikubaaqudgha
Nemelex Xobeh
Qazlal
Ru
Sif Muna
Trog
Uskayaw
Vehumet
Wu Jian
Xom
Zin
The Shining One

Annotations:
D:5 2 transporters


Innate Abilities, Weirdness & Mutations

You can breathe bolts of dispelling energy.
Your rich purple scales are hard. (AC +6)
You cannot fit into any form of body armour.
You are cold-blooded and may be slowed by cold attacks.
Your tail ends in a poisonous barb.
You expend magic power (3 MP) to strengthen your wands.


Message History

Confirm with . or Enter, or press ? or * to list all spells.
Aiming: Vampiric Draining (safe; 8% risk of failure)
Press: ? - help, Shift-Dir - straight line, f/p - two-headed ogre
Aim: a two-headed ogre, wielding a +0 giant club and a +0 giant spiked club (almost dead)
The two-headed ogre is almost dead.
You feel life coursing into your body.
You are near starving!
The two-headed ogre hits you with a +0 giant club!
* * * LOW HITPOINT WARNING * * *
The two-headed ogre closely misses you.
You hit the two-headed ogre but do no damage.
The two-headed ogre is almost dead.
The two-headed ogre closely misses you.
You riposte.
You hit the two-headed ogre but do no damage.
The two-headed ogre is almost dead.
The two-headed ogre closely misses you.
You hit the two-headed ogre.
The two-headed ogre is almost dead.
The two-headed ogre hits you with a +0 giant club!
You die...

#.......##.....##.......#
#.......................#
#........>..............#
#.............<.........#
##########..............#..
.... #.....########.# .
.....#####'###....##.###
.......................#
.......@O........>.....#
.......[.<.............#
..##.####+#####+####).## #
#####..## ##...##...
##.....##.. #.......#..
#..._.....# #.......###


You could see a two-headed ogre.

Vanquished Creatures
  Sigmund (D:6)
  A water moccasin (D:5)
  An orc warrior (D:6)
  A sky beast (D:6)
  Purgy (Sewer)
  A black bear (Temple)
  2 ogres
  2 phantoms (D:5)
  3 centaurs
  A bullfrog (D:6)
  A scorpion (D:6)
  3 crimson imps
  A quasit (D:5)
  A hound (D:3)
  A bullfrog zombie (D:5)
  An iguana (D:4)
  An orc wizard (D:6)
  2 worker ants (D:4)
  A hound skeleton (D:6)
  4 gnolls
  8 adders
  A shadow imp (D:5)
  An ooze (D:1)
  2 worms
  4 dart slugs
  6 leopard geckos
  18 orcs
  7 giant cockroaches
  8 goblins
  12 hobgoblins
  11 jackals
  7 kobolds
  5 quokkas
  2 ball pythons (Sewer)
  11 bats
  10 frilled lizards
  A leopard gecko skeleton (D:4)
  10 rats
154 creatures vanquished.

Vanquished Creatures (others)
  A spectral weapon (D:7)
  5 toadstools (D:1)
6 creatures vanquished.

Grand Total: 160 creatures vanquished

Notes
Turn   | Place    | Note
-------+----------+-------------------------------------------
     0 | D:1      | Leeroy the Draconian Skald began the quest for the Orb.
     0 | D:1      | Reached XP level 1. HP: 17/17 MP: 3/3
   118 | D:1      | Reached XP level 2. HP: 19/24 MP: 5/5
   286 | D:1      | Reached XP level 3. HP: 13/29 MP: 3/6
   291 | D:1      | Learned a level 3 spell: Spectral Weapon
  1187 | D:2      | Reached XP level 4. HP: 22/37 MP: 7/7
  1434 | D:2      | Found a snail-covered altar of Cheibriados.
  1586 | D:3      | Reached skill level 3 in Fighting
  1973 | D:3      | Reached XP level 5. HP: 16/46 MP: 8/8
  1997 | D:3      | Reached skill level 4 in Fighting
  2137 | D:3      | Found a glowing drain.
  2141 | Sewer    | Entered a sewer
  2199 | Sewer    | Noticed Purgy
  2408 | Sewer    | Killed Purgy
  2408 | Sewer    | Reached skill level 5 in Fighting
  2815 | D:3      | Reached XP level 6. HP: 50/56 MP: 4/9
  3560 | D:3      | Reached skill level 6 in Fighting
  3988 | D:4      | Reached skill level 1 in Stealth
  4592 | D:5      | Entered Level 5 of the Dungeon
  4709 | D:6      | Noticed Sigmund
  4723 | D:5      | Gained mutation: You expend magic power (3 MP) to
                  | strengthen your wands. [potion of mutation]
  4723 | D:5      | Gained mutation: Your tail ends in a poisonous barb.
                  | [potion of mutation]
  4732 | D:5      | HP: 1/57 [centaur (3)]
  4735 | D:5      | Your scales start taking on a rich purple colour.
  4735 | D:5      | Reached XP level 7. HP: 2/63 MP: 8/10
  4737 | D:5      | HP: 1/94 [quasit (1)]
  5213 | D:5      | Found a transporter.
  5345 | D:5      | Learned a level 3 spell: Regeneration
  5349 | D:5      | Learned a level 3 spell: Vampiric Draining
  5407 | D:5      | Reached skill level 5 in Stealth
  5725 | D:5      | Reached skill level 1 in Necromancy
  5967 | D:5      | Found a transporter.
  6424 | D:4      | Reached XP level 8. HP: 34/70 MP: 4/11
  7024 | D:7      | Reached skill level 5 in Necromancy
  7024 | D:7      | Noticed a two-headed ogre
  7071 | D:6      | Reached skill level 1 in Hexes
  7609 | D:6      | Found a staircase to the Ecumenical Temple.
  7620 | Temple   | Entered the Ecumenical Temple
  8364 | D:6      | Killed Sigmund
  8364 | D:6      | Reached skill level 5 in Hexes
  8659 | D:7      | Found an ancient bone altar of Kikubaaqudgha.
  8704 | D:7      | Slain by a two-headed ogre

Levels and vault maps discovered:
D:1:      ldierk_walled_garden, layout_basic, minmay_ruptured
D:2:      layout_loops_ring, kennysheep_slug_shrine
D:3:      layout_basic, gup_sewer_entry_spiral, nrook_mini_backslash
D:4:      layout_gridville, first_ration, moated_statue
D:5:      gammafunk_cloud_chamber, layout_basic, serial_co_window_serial,
          co_window_cross_1, co_window_corner_a, co_window_paths_a,
          co_window_corner_a, co_window_paths_a, co_window_paths_c,
          co_window_of_opportunity_b, co_window_cross_2, glass_columns_a,
          glass_columns_a, glass_columns_a, glass_columns_b, glass_columns_a
D:6:      layout_rooms, minmay_temple_entry_waves, hex_tiny, uniq_sigmund
D:7:      layout_gridville, lemuel_round_altar, kennysheep_generic_room_2
Temple:   eino_temple_scatter_basement

Skill      XL: |  1  2  3  4  5  6  7  8 |
---------------+-------------------------+-----
Long Blades    | 3 4 |  4.2
Fighting       | 3 5 6 |  6.1
Stealth        | 3 5 |  5.5
Charms         | 3 |  3.2
Necromancy     | 3 5 |  5.2
Hexes          | 5 |  5.7
Dodging        | |  2.1
Spellcasting   | |  2.4

Action                   |  1- 3 |  4- 6 |  7- 9 || total
-------------------------+-------+-------+-------++-------
Melee: Falchion          |   123 |    27 |   237 ||   387
       Tailslap          |    10 |    61 |    36 ||   107
       Dagger            |       |   496 |       ||   496
Throw: Stone             |       |       |     5 ||     5
 Cast: Infusion          |     2 |     5 |       ||     7
       Spectral Weapon   |       |     3 |     6 ||     9
       Regeneration      |       |       |     2 ||     2
       Vampiric Draining |       |       |     9 ||     9
 Abil: Breathe Dispellin |       |       |     3 ||     3
  Use: Scroll            |       |     3 |       ||     3
       Potion            |       |     5 |     2 ||     7
 Stab: Sleeping          |       |     2 |     3 ||     5
       Distracted        |       |     1 |     1 ||     2
  Eat: Chunk             |       |    10 |     1 ||    11
       Ration            |       |     1 |     4 ||     5
Armor: Skin              |    32 |   109 |    71 ||   212
Dodge: Dodged            |    99 |   235 |   179 ||   513
       Rpst.: Falchion   |    31 |     9 |    59 ||    99

Table legend:
 A = Non-vault XP
 B = Vault XP
 C = Vault XP percentage of total XP
 D = Non-vault monster count
 E = Vault monster count
 F = Vault count percentage of total count
                 A         B        C        D         E       F
            +---------+---------+-------+---------+---------+-------
      Total |    2306 |     406 |  15.0 |     136 |      18 |  11.7
            +---------+---------+-------+---------+---------+-------
        D:1 |      48 |       3 |   5.9 |      26 |       2 |   7.1
        D:2 |      62 |       4 |   6.1 |      21 |       1 |   4.5
        D:3 |     174 |      25 |  12.6 |      34 |       6 |  15.0
        D:4 |     295 |       0 |   0.0 |      18 |       0 |   0.0
        D:5 |     705 |       0 |   0.0 |      16 |       0 |   0.0
        D:6 |     767 |     223 |  22.5 |      18 |       1 |   5.3
        D:7 |     124 |       0 |   0.0 |       2 |       0 |   0.0
     Temple |     131 |       0 |   0.0 |       1 |       0 |   0.0
      Sewer |       0 |     151 | 100.0 |       0 |       8 | 100.0
            +---------+---------+-------+---------+---------+-------
